 Dungeon Crawl Stone Soup version 0.30.1-9-gdf580d7c3d (webtiles) character file.

Game seed: 16901467855744914780

85 Psyclone the Conjurer (level 4, -3/24 HPs)
             Began as a Deep Elf Conjurer on Sept 28, 2023.
             Killed by divine providence
             ... invoked by an orc priest
              (14 damage)
             ... on level 3 of the Dungeon.
             The game lasted 00:03:29 (2296 turns).

Psyclone the Conjurer (Deep Elf Conjurer)           Turns: 2296, Time: 00:03:29

Health: -3/24      AC:  2    Str:  3 (4)  XL:     4   Next: 25%
Magic:  7/21       EV: 12    Int: 24 (25) God:
Gold:   212        SH:  0    Dex: 12 (13) Spells: 9/12 levels left

rFire   . . .        (no weapon)
rCold   . . .        (no shield)
rNeg    . . .        a - +0 robe
rPois   .            (no helmet)
rElec   .            (no cloak)
rCorr   .            (no gloves)
SInv    .            (no boots)
Will    .....        (no amulet)
Stlth   ++           k - ring of magical power
HPRegen 0.24/turn    (no ring)
MPRegen 0.17/turn

%: no passive effects
@: no status effects
A: subdued magic 1
a: no special abilities


You were on level 3 of the Dungeon.
You visited 1 branch of the dungeon, and saw 3 of its levels.

You collected 212 gold pieces.

Inventory:

Armour
 a - a +0 robe (worn)
Jewellery
 k - a ring of magical power (left hand)
Scrolls
 d - 2 scrolls of noise {unknown}
 e - a scroll of fog
 g - a scroll of immolation
 h - a scroll of fear
 i - a scroll of amnesia {unknown}
 m - a scroll of identify {@r1}
Potions
 b - a potion of magic
 c - 2 potions of heal wounds
 f - a potion of curing {unknown}
 j - a potion of berserk rage {unknown}


   Skills:
 - Level 2.4 Dodging
 - Level 2.4 Stealth
 + Level 4.8 Spellcasting
 + Level 5.4 Conjurations


You had 9 spell levels left.
You knew the following spells:

 Your Spells              Type           Power      Damage    Failure   Level
a - Magic Dart            Conj           96%        1d7       1%          1
b - Searing Ray           Conj           48%        2d6       1%          2

Your spell library contained the following spells:

 Spells                   Type           Power      Damage    Failure   Level
 Beastly Appendage        Tmut           8%         N/A       7%          1
 Dazzling Flash           Conj/Hex       28%        N/A       7%          3
 Lesser Beckoning         Tloc           8%         N/A       12%         2
 Wereblood                Tmut           4%         N/A       12%         2
 Gell's Gravitas          Tloc           4%         N/A       22%         3
 Spider Form              Tmut/Pois      4%         N/A       22%         3
 Teleport Other           Tloc           4%         N/A       22%         3
 Fulminant Prism          Conj/Hex       7%         3d7       24%         4
 Iskenderun's Mystic Bla  Conj/Tloc      14%        2d5       24%         4


Dungeon Overview and Level Annotations

Branches:
Dungeon (3/15) Zot: 15704

Altars:
Uskayaw


Innate Abilities, Weirdness & Mutations

Your spells are a little easier to cast, but a little less powerful.


Message History

The orc priest is moderately wounded.
You finish channelling your searing ray.
The orc priest barely misses you.
You now have 13/21 mp.
Casting: Searing Ray (safe; 1% risk of failure)
Confirm with . or Enter, or press ? or * to list all spells.
Aiming: Searing Ray (safe; 1% risk of failure)
Press: ? - help, Shift-Dir - straight line, f/p - orc priest
Aim: an orc priest, wielding a +0 short sword and wearing a +0 ring mail (moderately wounded, 82% to hit)
The searing ray hits the orc priest.
The orc priest is heavily wounded. (Press . to maintain the ray.)
The orc priest misses you.
You now have 11/21 mp.
The searing ray hits the orc priest but does no damage.
The orc priest is heavily wounded.
The orc priest barely misses you.
You now have 10/21 mp.
The searing ray hits the orc priest.
The orc priest is almost dead.
The orc priest mumbles some strange prayers to Beogh against you.
Beogh smites you!
You take 10 damage, and have 14/24 hp.
MASSIVE DAMAGE!!
The searing ray hits the orc priest but does no damage.
The orc priest is almost dead.
You finish channelling your searing ray.
The orc priest hits you with a +0 short sword.
You take 3 damage, and have 11/24 hp.
You now have 9/21 mp.
Casting: Searing Ray (safe; 1% risk of failure)
Confirm with . or Enter, or press ? or * to list all spells.
Aiming: Searing Ray (safe; 1% risk of failure)
Press: ? - help, Shift-Dir - straight line, f/p - orc priest
Aim: an orc priest, wielding a +0 short sword and wearing a +0 ring mail (almost dead, 82% to hit)
The searing ray hits the orc priest but does no damage.
The orc priest is almost dead. (Press . to maintain the ray.)
The orc priest calls down the wrath of Beogh upon you.
Beogh smites you!
Ouch! That really hurt!
You die...

### ..### ###########
....# ##.#.......# ....#
##..#.#._.#.#
....####...#.......##...
.......'...)....@o.)....
....####.......8....#...
##..# ##....8...8..#
###.# ##..........#
###.# ##.8.....8.# ....#
#.........# #####
#..8...8..# #
#....8....# #####
#.....[....


You could see an orc priest.

Vanquished Creatures
  An orc wizard (D:3)
  A worm (D:2)
  2 dart slugs (D:1)
  An orc (D:3)
  9 bats
  2 endoplasms
  9 hobgoblins
  3 jackals (D:1)
  3 quokkas
  6 ball pythons
  4 frilled lizards
  3 kobolds (D:1)
  2 rats (D:2)
46 creatures vanquished.

Notes
Turn   | Place    | Note
-------+----------+-------------------------------------------
     0 | D:1      | Psyclone the Deep Elf Conjurer began the quest for the Orb.
     0 | D:1      | Reached XP level 1. HP: 10/10 MP: 6/6
   193 | D:1      | Reached XP level 2. HP: 15/15 MP: 5/8
   567 | D:1      | Reached XP level 3. HP: 19/19 MP: 10/10
   608 | D:1      | Reached skill level 5 in Conjurations
   775 | D:1      | Gained mutation: Your spells are a little easier to cast,
                  | but a little less powerful. [potion of mutation]
  2126 | D:3      | Learned a level 2 spell: Searing Ray
  2137 | D:3      | Reached XP level 4. HP: 14/24 MP: 12/12
  2271 | D:3      | Found a hide-covered altar of Uskayaw.
  2296 | D:3      | Killed from afar by an orc priest

Illustrated notes

Levels and vault maps discovered:
D:1:      minmay_arrival_glassed_features, layout_rooms,
          minmay_misc_feat_more_columns
D:2:      layout_basic, hangedman_decor_growths
D:3:      layout_loops_corners, nicolae_uskayaw_dance_hall, uniq_ijyb

Skill      XL: |  1  2  3 |
---------------+----------+-----
Spellcasting   | 4 |  4.8
Conjurations   | 5 |  5.4
Dodging        | |  2.4
Stealth        | |  2.4

Action                     |  1- 3 |  4- 6 || total
---------------------------+-------+-------++-------
   Cast: Magic Dart        |    80 |     8 ||    88
         Searing Ray       |       |     3 ||     3
    Use: Potion            |     5 |       ||     5
         Scroll            |     4 |       ||     4
  Dodge: Dodged            |     1 |     4 ||     5
